 Dungeon Crawl Stone Soup version 0.30-a0-1085-g990a428a5c (webtiles) character file.

Game seed: 48268883098071379

21 Tangent the Caller (level 2, 0/15 HPs)
             Began as a Gargoyle Summoner on Apr 16, 2023.
             Slain by an ufetubus (2 damage)
             ... on level 2 of the Dungeon.
             The game lasted 00:04:23 (2003 turns).

Tangent the Caller (Gargoyle Summoner)              Turns: 2003, Time: 00:04:23

Health: 0/15       AC:  6    Str: 11    XL:     2   Next: 83%
Magic:  5/5        EV: 11    Int: 15    God:
Gold:   53         SH:  0    Dex: 10    Spells: 4/5 levels left

rFire   . . .      SeeInvis .    e - +0 falchion
rCold   . . .      Faith    .    (no shield)
rNeg    + . .      Spirit   .    g - +0 leather armour
rPois   ∞          Reflect  .    j - +0 helmet
rElec   +          Rampage  .    (no cloak)
rCorr   .                        (no gloves)
Will    .....                    (no boots)
Stlth   ++                       (no amulet)
HPRegen 0.22/turn                (no ring)
MPRegen 0.09/turn                (no ring)

@: no status effects
A: sickness immunity, AC +2, negative energy resistance 1, electricity
resistance, torment resistance 1, petrification resistance
a: no special abilities


You were on level 2 of the Dungeon.
You visited 1 branch of the dungeon, and saw 2 of its levels.

You collected 53 gold pieces.

Inventory:

Hand Weapons
 e - a +0 falchion (weapon)
Armour
 a - a +0 robe
 g - a +0 leather armour (worn)
 h - a +0 plate armour
 j - a +0 helmet (worn)
Scrolls
 d - a scroll of poison {unknown}
Potions
 b - a potion of magic
 c - a potion of curing {unknown}
 f - a potion of invisibility {unknown}
 i - a potion of haste {unknown}


   Skills:
 + Level 0.1 Long Blades
 + Level 1.6 Dodging
 + Level 2.3 Stealth
 + Level 2.1 Spellcasting
 + Level 4.2 Summonings


You had 4 spell levels left.
You knew the following spells:

 Your Spells              Type           Power      Damage    Failure   Level
a - Summon Small Mammal   Summ           56%        N/A       5%          1

Your spell library contained the following spells:

 Spells                   Type           Power      Damage    Failure   Level
 Call Imp                 Summ           28%        N/A       8%          2
 Call Canine Familiar     Summ           14%        N/A       16%         3
 Summon Guardian Golem    Hex/Summ       7%         N/A       36%         3
 Summon Lightning Spire   Summ/Air       7%         N/A       77%         4


Dungeon Overview and Level Annotations

Branches:
Dungeon (2/15)

Altars:


Innate Abilities, Weirdness & Mutations

You are immune to sickness and miasma.
Your stone body is resilient. (AC +2)
You are immune to poison.
You resist negative energy. (rN+)
You are resistant to electric shocks. (rElec)
You are resistant to unholy torment.
You are immune to petrification.


Message History

The ufetubus hits you. x2; The ufetubus barely misses you.
You miss the ufetubus. The ufetubus misses you.
The ufetubus hits you but does no damage.
The ufetubus misses you. The ufetubus closely misses you.
You hit the ufetubus.
The ufetubus is heavily wounded.
The ufetubus closely misses you. The ufetubus hits you. x3
You barely miss the ufetubus.
The ufetubus is heavily wounded.
The ufetubus hits you. x2
* * * LOW HITPOINT WARNING * * *
The ufetubus closely misses you. The ufetubus barely misses you.
You closely miss the ufetubus.
The ufetubus is heavily wounded.
The ufetubus barely misses you. The ufetubus closely misses you. x2
The ufetubus hits you but does no damage.
You barely miss the ufetubus. Your punch misses the ufetubus.
The ufetubus is heavily wounded.
The ufetubus misses you. The ufetubus barely misses you.
The ufetubus closely misses you.
The ufetubus hits you but does no damage.
You are too injured to fight recklessly!
You completely miss the ufetubus.
The ufetubus is heavily wounded.
The ufetubus closely misses you.
The ufetubus hits you but does no damage.
The ufetubus completely misses you. The ufetubus hits you.
* * * LOW HITPOINT WARNING * * *
The ufetubus attacks as you move away!
The ufetubus hits you but does no damage.
The ufetubus barely misses you.
You are too injured to fight recklessly!
The ufetubus misses you.
The ufetubus hits you but does no damage.
You are too injured to fight recklessly!
The ufetubus attacks as you move away! The ufetubus barely misses you.
The ufetubus closely misses you.
You are too injured to fight recklessly!
The ufetubus hits you.
You die...

#.# #.# #.# ## #.# ..
#<# ####.####.#
........#.# ###
####.##<#.#######...#
..............5@....#
####.##)#.#######...#
# #....# .## #.....#
# ......## #####.##
#.# #.#


You could see an ufetubus.

Vanquished Creatures
  A dart slug (D:1)
  2 ball pythons (D:1)
  A bat (D:1)
  An endoplasm (D:2)
  4 goblins
  A hobgoblin (D:1)
  A frilled lizard (D:1)
  3 rats (D:1)
14 creatures vanquished.

Vanquished Creatures (collateral kills)
  A hobgoblin (D:1)
  A frilled lizard (D:1)
  A rat (D:1)
3 creatures vanquished.

Grand Total: 17 creatures vanquished

Notes
Turn   | Place    | Note
-------+----------+-------------------------------------------
     0 | D:1      | Tangent the Gargoyle Summoner began the quest for the Orb.
     0 | D:1      | Reached XP level 1. HP: 10/10 MP: 3/3
   117 | D:1      | Reached XP level 2. HP: 14/15 MP: 0/5
   181 | D:1      | Reached skill level 4 in Summonings
  2003 | D:2      | Slain by an ufetubus

Illustrated notes

Levels and vault maps discovered:
D:1:      dpeg_arrival_windows_large_door, layout_rooms
D:2:      layout_loops_corners, basic_altar

Skill      XL: |  1  2 |
---------------+-------+-----
Summonings     | 4 |  4.2
Long Blades    | |  0.1
Dodging        | |  1.6
Stealth        | |  2.3
Spellcasting   | |  2.1

Action                     || total
---------------------------++-------
  Melee: Falchion          ||    38
   Cast: Summon Small Mamm ||    12
   Stab: Sleeping          ||     1
 Armour: Robe              ||     4
         Plate armour      ||    19
         Leather armour    ||    12
  Dodge: Dodged            ||    33

Table legend: (Time is in decaauts)
 A = Elapsed time spent in this place.
 B = Non-inter-level travel time spent in this place.
 C = Inter-level travel time spent in this place.
 D = Time resting spent in this place.
 E = Time spent auto-exploring this place.
 F = Levels seen in this place.
 G = Mean time per level.
                   A        B        C        D        E       F      G
               +--------+--------+--------+--------+--------+-----+--------+
         Total |   2013 |   1900 |    113 |      0 |   1565 |   2 | 1006.5 |
       Dungeon |   2013 |   1900 |    113 |      0 |   1565 |   2 | 1006.5 |
               +--------+--------+--------+--------+--------+-----+--------+

Top non-repeatable levels by time:
     D:1: 1977 daAuts
     D:2: 36 daAuts
